 Dungeon Crawl Stone Soup version 0.29-a0-330-g52719c12eb (webtiles) character file.

Game seed: 7960485179780095432

3 kae the Firebug (level 1, -2/11 HPs)
             Began as an Octopode Fire Elementalist on Apr 15, 2022.
             Frozen to death by an endoplasm (5 damage)
             ... on level 1 of the Dungeon.
             The game lasted 00:00:09 (510 turns).

kae the Firebug (Octopode Fire Elementalist)         Turns: 510, Time: 00:00:09

Health: -2/11      AC:  1    Str:  7    XL:     1   Next: 50%
Magic:  2/3        EV: 13    Int: 17    God:
Gold:   8          SH:  0    Dex: 12    Spells: 3/4 levels left

rFire   . . .      SeeInvis .   (no weapon)
rCold   . . .      Faith    .   (no shield)
rNeg    . . .      Spirit   .   (helmet restricted)
rPois   .          Reflect  .   (no amulet)
rElec   .          Harm     .   (no ring)
rCorr   .          Rampage  .   (no ring)
Will    .....                   (no ring)
Stlth   +++.......              (no ring)
HPRegen 0.03/turn               (no ring)
MPRegen 0.08/turn               (no ring)
                                (no ring)
                                (no ring)

@: no status effects
A: almost no armour, amphibious, 8 rings, camouflage 1, gelatinous body 1,
(nimble swimmer 1), tentacles
a: no special abilities


You were on level 1 of the Dungeon.
You visited 1 branch of the dungeon, and saw 1 of its levels.

You collected 8 gold pieces.

Inventory:

Scrolls
 b - a scroll of noise {unknown}
 c - a scroll of identify {unknown}
 d - a scroll of magic mapping {unknown}
Potions
 a - a potion of magic
 e - a potion of might {unknown}


   Skills:
 + Level 0.1 Fighting
 + Level 2.0 Dodging
 + Level 2.7 Stealth
 + Level 2.0 Spellcasting
 + Level 1.0 Conjurations
 * Level 3.1 Fire Magic


You had 3 spell levels left.
You knew the following spells:

 Your Spells              Type           Power      Damage    Failure   Level
a - Foxfire               Conj/Fire      32%        2x1d5     9%          1

Your spell library contained the following spells:

 Spells                   Type           Power      Damage    Failure   Level
 Scorch                   Fire           24%        2d6       9%          2
 Conjure Flame            Conj/Fire      8%         6-21      24%         3
 Inner Flame              Hex/Fire       7%         N/A       30%         3
 Flame Wave               Conj/Fire      8%         2d5       63%         4


Dungeon Overview and Level Annotations

Branches:
Dungeon (1/15)

Altars:


Innate Abilities, Weirdness & Mutations

You cannot wear most types of armour.
You are amphibious.
You can wear up to eight rings at the same time.
Your skin changes colour to match your surroundings (Stealth+).
Your rubbery body absorbs attacks. (AC +1, EV +1)
((You are camouflaged when in or above water. (Stealth+)))
You have tentacles for arms and can constrict up to eight enemies at once.


Message History

You closely miss the quokka.
The endoplasm quivers.
You grab the quokka. Your squeeze misses the quokka.
The quokka is moderately wounded.
You constrict the quokka, but do no damage.
The quokka bites you.
You tentacle-slap the quokka but do no damage.
The quokka is moderately wounded.
You constrict the quokka. The quokka bites you.
There are monsters nearby!
You tentacle-slap the quokka but do no damage.
The quokka is heavily wounded.
You constrict the quokka. The quokka barely misses you.
The quokka bites you but does no damage.
You tentacle-slap the quokka but do no damage.
The quokka is severely wounded.
You constrict the quokka, but do no damage.
The quokka bites you.
There are monsters nearby!
You are too injured to fight recklessly!
You are too injured to fight recklessly!
There are monsters nearby!
You are too injured to fight recklessly!
You are too injured to fight recklessly!
You are too injured to fight recklessly!
You are too injured to fight recklessly!
There are monsters nearby!
You tentacle-slap the quokka but do no damage.
The quokka is severely wounded.
You constrict the quokka. The quokka bites you.
You barely miss the quokka. You squeeze the quokka.
You kill the quokka!
There's a creature in the doorway!
You tentacle-slap the endoplasm but do no damage.
The endoplasm hits you.
* * * LOW HITPOINT WARNING * * *
You barely miss the endoplasm. The endoplasm freezes you.
You are frozen.
You die...

#..##
#####...####.........#
...........+.........+
#......(# .........
#.###...# .......
#.#...#.# .....
#.#.###.#### ...
#.#[###.......##J#
#........# #.##@#
###.####.# #.##.#
#.####.####.##.##
#.........#.#...##
######.##.#......#
#.##.#.#...##
#.##.......#######
#......###........
######## #########


You could see an endoplasm.

Vanquished Creatures
  A goblin (D:1)
  A quokka (D:1)
  A frilled lizard (D:1)
3 creatures vanquished.

Vanquished Creatures (collateral kills)
  2 foxfires (D:1)
2 creatures vanquished.

Vanquished Creatures (others)
  16 foxfires (D:1)
16 creatures vanquished.

Grand Total: 21 creatures vanquished

Notes
Turn   | Place    | Note
-------+----------+-------------------------------------------
     0 | D:1      | kae the Octopode Fire Elementalist began the quest for the
                  | Orb.
     0 | D:1      | Reached XP level 1. HP: 11/11 MP: 3/3
   140 | D:1      | Found a faded altar of an unknown god.
   510 | D:1      | Frozen to death by an endoplasm

Illustrated notes

Levels and vault maps discovered:
D:1:      ncdulo_halloftheorcs, layout_loops_corners,
          shapermc_ecumenical_altar_hornbeckon, due_unseen_surprise

Action                   || total
-------------------------++-------
Melee: Unarmed           ||     8
       Constrict         ||     1
       Tentacles         ||     1
 Cast: Foxfire           ||    10
Armor: Skin              ||     1
Dodge: Dodged            ||     1

Table legend: (Time is in decaauts)
 A = Elapsed time spent in this place.
 B = Non-inter-level travel time spent in this place.
 C = Inter-level travel time spent in this place.
 D = Time resting spent in this place.
 E = Time spent auto-exploring this place.
 F = Levels seen in this place.
 G = Mean time per level.
                   A        B        C        D        E       F      G
               +--------+--------+--------+--------+--------+-----+--------+
         Total |    510 |    510 |      0 |      0 |    465 |   1 |  510.0 |
       Dungeon |    510 |    510 |      0 |      0 |    465 |   1 |  510.0 |
               +--------+--------+--------+--------+--------+-----+--------+

Top non-repeatable levels by time:
     D:1: 510 daAuts
